 Dungeon Crawl Stone Soup version 0.31-a0-542-gdc2a67831c (webtiles) character file.

Game seed: 10608391979201848922

25 Maratek the Trooper (level 2, -3/27 HPs)
             Began as a Draconian Fighter on Aug 14, 2023.
             Was a Follower of Zin.
             Slain by an orc
             ... wielding a +0 short sword
              (4 damage)
             ... on level 2 of the Dungeon.
             The game lasted 00:01:23 (602 turns).

Maratek the Trooper (Draconian Fighter)              Turns: 602, Time: 00:01:23

Health: -3/27      AC:  4    Str: 18    XL:     2   Next: 86%
Magic:  2/2        EV: 12    Int:  8    God:    Zin [*.....]
Gold:   22         SH:  0    Dex: 10    Spells: 1/1 levels left

rFire   . . .        a - +0 war axe
rCold   . . .        b - +0 buckler
rNeg    . . .        (body armour unavailable)
rPois   .            (helmet restricted)
rElec   .            (no cloak)
rCorr   .            (no gloves)
SInv    .            (no boots)
Will    .....        (no amulet)
Stlth   +            (no ring)
HPRegen 0.24/turn    (no ring)
MPRegen 0.08/turn

%: no passive effects
@: confused
A: AC +4, unfitting armour, cold-blooded
a: Renounce Religion, Recite, Donate Gold


You were on level 2 of the Dungeon.
You worshipped Zin.
Zin was aware of your devotion.
You visited 1 branch of the dungeon, and saw 2 of its levels.

You collected 36 gold pieces.
You donated 14 gold pieces to Zin.

Inventory:

Hand Weapons
 a - a +0 war axe (weapon)
Armour
 b - a +0 buckler (worn)
Potions
 c - 2 potions of might
 d - a potion of curing {unknown}
 e - a potion of degeneration {unknown}
 f - a potion of mutation {unknown}


   Skills:
 + Level 3.6 Fighting
 + Level 2.5 Axes
 + Level 2.9 Dodging
 + Level 0.1 Stealth
 + Level 3.1 Shields


You had one spell level left.
You didn't know any spells.
Your spell library was empty.

Dungeon Overview and Level Annotations

Branches:
Dungeon (2/15)

Altars:
Zin


Innate Abilities, Weirdness & Mutations

Your plain brown scales are hard. (AC +4)
You cannot fit into any form of body armour.
You are cold-blooded and may be slowed by cold attacks.


Message History

An orc and an orc wizard come into view.
The orc shouts! x2; You hear a shout! x3
An orc comes into view. It is wielding a +0 flail.
The orc throws a boomerang.
The boomerang hits you.
An orc priest comes into view. It is wielding a +0 whip.
An orc comes into view. It is wielding a +0 club.
The orc shouts!
The orc priest begins to cast a cantrip, but forgets the words!
The orc throws a boomerang.
You block the boomerang. The orc attacks as you move away!
The orc barely misses you. The orc attacks as you move away!
The orc hits you with a +0 short sword.
The orc priest looks satisfied for a moment.
The orc attacks as you move away! The orc barely misses you.
The orc priest calls down the wrath of Beogh upon you.
Beogh smites you!
The orc wizard casts a spell.
The orc wizard flickers and vanishes!
Deactivating autopickup; reactivate with Ctrl-A.
You completely miss the orc. You block the orc's attack.
The orc priest looks satisfied for a moment.
The orc closely misses you. The orc barely misses you. Something hits you.
The orc priest begins to cast a cantrip, but forgets the words!
You slash something!
Your tail-slap misses something.
You hit the orc. You hit the orc but do no damage. The orc closely misses you.
The orc barely misses you.
You hear some strange, mumbled words.
Something tries to affect you, but you resist.
You hit something. You closely miss the orc. You hit the orc.
The orc hits you but does no damage. The orc hits you with a +0 short sword.
You hear some strange, mumbled words.
You are confused.
The orc barely misses you. The orc misses you. Something barely misses you.
You bump into the rock wall.
The orc hits you with a +0 flail.
* * * LOW HITPOINT WARNING * * *
The orc closely misses you. Something hits you.
* * * LOW HITPOINT WARNING * * *
You closely miss something.
Your tail-slap misses something.
You hit the orc. You barely miss the orc. The orc misses you.
The orc hits you with a +0 short sword.
You die...

#....# ..# #....#
########.# #....#
#........# #....#
..~...~..## #.†.<#
..........# #....#
........oo# ###....#
........oo### ##......#
..~...~.o{@.###..#....#
#........##o.....#.#......
########.##..........#####
........#..####
###.#......## #.<#.>...##
#.###.##..# #. ..###... .
.... ...


You could see an orc priest and 5 orcs.

Vanquished Creatures
  A dart slug (D:1)
  2 ball pythons (D:1)
  2 endoplasms (D:1)
  A giant cockroach (D:1)
  2 goblins (D:1)
  2 hobgoblins (D:1)
  2 quokkas
  3 bats (D:1)
  A frilled lizard (D:1)
  3 kobolds (D:1)
  A rat (D:1)
20 creatures vanquished.

Notes
Turn   | Place    | Note
-------+----------+-------------------------------------------
     0 | D:1      | Maratek the Draconian Fighter began the quest for the Orb.
     0 | D:1      | Reached XP level 1. HP: 19/19 MP: 1/1
     6 | D:1      | Noticed a four-headed hydra
     6 | D:1      | Noticed a hound
     7 | D:1      | Noticed a snapping turtle
     7 | D:1      | Noticed a black mamba
    20 | D:1      | Found a faded altar of an unknown god.
    66 | D:1      | Prayed at the altar of an unknown god.
    66 | D:1      | Became a worshipper of Zin the Law-Giver
    66 | D:1      | Reached * piety under Zin
   154 | D:1      | Reached XP level 2. HP: 26/26 MP: 2/2
   455 | D:1      | Donated 11 gold pieces to Zin
   601 | D:2      | HP: 1/27 [something (2)]
   602 | D:2      | Slain by an orc

Illustrated notes

Levels and vault maps discovered:
D:1:      onia_arrival_zoo_common, layout_rooms, ebering_ecumenical_altar_webs,
          minmay_domino_4
D:2:      cheibrodos_pilgrimage, layout_rooms, roderic_roman_lattice,
          hangedman_glass_teeth

Action                     || total
---------------------------++-------
  Melee: War axe           ||    55
         Tailslap          ||     6
 Invoke: Donate Gold       ||     1
 Armour: Skin              ||    34
  Dodge: Dodged            ||    82
  Block: Buckler           ||    23

Table legend: (Time is in decaauts)
 A = Elapsed time spent in this place.
 B = Non-inter-level travel time spent in this place.
 C = Inter-level travel time spent in this place.
 D = Time resting spent in this place.
 E = Time spent auto-exploring this place.
 F = Levels seen in this place.
 G = Mean time per level.
                   A        B        C        D        E       F      G
               +--------+--------+--------+--------+--------+-----+--------+
         Total |    628 |    610 |     18 |      0 |    391 |   2 |  314.0 |
       Dungeon |    628 |    610 |     18 |      0 |    391 |   2 |  314.0 |
               +--------+--------+--------+--------+--------+-----+--------+

Top non-repeatable levels by time:
     D:1: 589 daAuts
     D:2: 38 daAuts
